 Dungeon Crawl Stone Soup version 0.19.5 (webtiles) character file.

161 devil0150 the Magician (level 5, 0/31 HPs)
             Began as a High Elf Wizard on Apr 11, 2017.
             Slain by a kobold
             ... wielding a +0 dagger
              (4 damage)
             ... on level 3 of the Dungeon.
             The game lasted 00:11:58 (4329 turns).

devil0150 the Magician (High Elf Wizard)            Turns: 4329, Time: 00:11:58

Health: 0/31       AC:  2    Str:  6    XL:     5   Next: 19%
Magic:  9/13       EV: 13    Int: 23    God:
Gold:   41         SH:  0    Dex: 13    Spells: 6 memorised, 1 level left

rFire  . . .     SeeInvis .     h - +1 mace (protect)
rCold  . . .     Gourm    .     a - +0 robe
rNeg   . . .     Faith    .     (no shield)
rPois  .         Spirit   .     b - +0 hat
rElec  .         Reflect  .     (no cloak)
rCorr  .         Harm     .     (no gloves)
MR     .....                    (no boots)
Stlth  ++........               (no amulet)
                                (no ring)
                                (no ring)

@: no status effects
A: no striking features
a: no special abilities


You were on level 3 of the Dungeon.
You were not hungry.

You visited 1 branch of the dungeon, and saw 3 of its levels.

You collected 41 gold pieces.

Inventory:

Hand Weapons
 h - a +1 mace of protection (weapon)
Armour
 a - a +0 robe (worn)
 b - a +0 hat (worn)
Jewellery
 e - an uncursed ring of protection from magic {unknown}
Wands
 f - a wand of iceblast (15/15)
Scrolls
 l - a scroll of recharging
Potions
 g - 2 potions of curing {unknown}
 i - 3 potions of heal wounds {unknown}
Books
 c - a book of Minor Magic

   Spells                             Type                      Level
   a - Magic Dart                     Conjuration                  1
   b - Blink                          Translocation                2
   c - Call Imp                       Summoning                    2
   d - Repel Missiles                 Charms/Air                   2
   e - Slow                           Hexes                        2
   f - Conjure Flame                  Conjuration/Fire             3
   g - Mephitic Cloud                 Conjuration/Poison/Air       3
Comestibles
 d - 2 bread rations
 j - a slice of pizza
 k - 3 chunks of flesh


   Skills:
 + Level 3.1 Dodging
 + Level 3.0 Stealth
 + Level 5.1 Spellcasting
 + Level 3.1 Conjurations
 + Level 0.8 Summonings
 + Level 1.1 Translocations


You had one spell level left.
You knew the following spells:

 Your Spells              Type           Power        Failure   Level  Hunger
a - Magic Dart            Conj           ###.         2%          1    None
b - Blink                 Tloc           N/A          12%         2    None
c - Call Imp              Summ           #.......     12%         2    None
d - Slow                  Hex            #.......     17%         2    None
e - Mephitic Cloud        Conj/Pois/Air  ##......     21%         3    ##.....
f - Conjure Flame         Conj/Fire      ##......     17%         3    ##.....


Dungeon Overview and Level Annotations

Branches:
Dungeon (3/15)

Altars:
Elyvilon
Sif Muna

Annotations:
D:3 Turgon's ghost, weakling DrMo


Message History

Casting: Blink
Confirm with . or Enter, or press ? or * to list all spells.
Aiming: Mephitic Cloud
Press: ? - help, Shift-Dir - straight line, f - kobold, p - Turgon's ghost
Aim: a kobold, wielding a dagger That beam is likely to hit you.
Continue anyway? [Y]es or [N]o only, please.
That beam is likely to hit you.
Continue anyway? [Y]es or [N]o only, please.
That beam is likely to hit you.
Continue anyway?
Okay, then.
Casting: Mephitic Cloud
Confirm with . or Enter, or press ? or * to list all spells.
Aiming: Mephitic Cloud
Press: ? - help, Shift-Dir - straight line, f - Turgon's ghost, p - kobold
Aim: Turgon's ghost (heavily damaged) That beam is likely to hit you.
Continue anyway?
Okay, then.
The kobold hits you with a dagger.
You die...

#<.# ##.# #.#
#ยง# #.######
#W#.... #####
##..g#
......#Kr#....
>......@####r...
......### .#.
...... # .....
.... .. <


You could see Turgon's ghost, a goblin, a kobold and a rat.

Vanquished Creatures
  4 gnolls
  3 adders
  3 oozes (D:1)
  2 worms
  3 dart slugs
  3 leopard geckos (D:1)
  5 bats
  5 giant cockroaches
  9 goblins (D:1)
  8 hobgoblins
  6 jackals (D:2)
  5 kobolds (D:1)
  2 ball pythons (D:2)
  5 frilled lizards
  5 rats
68 creatures vanquished.

Notes
Turn   | Place    | Note
-------+----------+-------------------------------------------
     0 | D:1      | devil0150 the High Elf Wizard began the quest for the Orb.
     0 | D:1      | Reached XP level 1. HP: 11/11 MP: 6/6
   209 | D:1      | Reached XP level 2. HP: 6/17 MP: 0/7
   231 | D:1      | Reached skill level 4 in Spellcasting
   804 | D:1      | Reached XP level 3. HP: 16/21 MP: 2/9
  2633 | D:1      | Reached XP level 4. HP: 21/27 MP: 4/11
  3293 | D:2      | Reached skill level 5 in Spellcasting
  3792 | D:2      | Reached XP level 5. HP: 31/31 MP: 8/13
  4063 | D:2      | Learned a level 2 spell: Blink
  4066 | D:2      | Learned a level 2 spell: Call Imp
  4069 | D:2      | Learned a level 2 spell: Slow
  4073 | D:2      | Learned a level 3 spell: Mephitic Cloud
  4077 | D:2      | Learned a level 3 spell: Conjure Flame
  4116 | D:2      | Found a deep blue altar of Sif Muna.
  4119 | D:2      | Found a white marble altar of Elyvilon.
  4323 | D:3      | Noticed Turgon's ghost (weakling DrMo)
  4329 | D:3      | Slain by a kobold

Skill      XL: |  1  2  3  4  5 |
---------------+----------------+-----
Spellcasting   | 4 5 |  5.1
Conjurations   | 2 3 |  3.1
Dodging        | 3 |  3.1
Stealth        | 3 |  3.0
Summonings     | |  0.8
Translocations | |  1.1

Action                   |  1- 3 |  4- 6 || total
-------------------------+-------+-------++-------
Melee: Mace              |     1 |     9 ||    10
 Cast: Magic Dart        |   120 |    92 ||   212
       Blink             |       |     1 ||     1
  Use: Scroll            |     2 |     3 ||     5
  Eat: Chunk             |     5 |     5 ||    10
Armor: Robe              |     7 |    10 ||    17
Dodge: Dodged            |    36 |    33 ||    69
